 Dungeon Crawl Stone Soup version 0.28-a0-258-g8de209e91f (webtiles) character file.

Game seed: 4227191605816408538

879 aSlayers the Poker (level 7, -4/63 HPs)
             Began as a Minotaur Abyssal Knight on Aug 26, 2021.
             Was a Believer of Lugonu.
             Slain by Pikel (8 damage)
             ... on level 5 of the Dungeon.
             The game lasted 00:08:12 (6553 turns).

aSlayers the Poker (Minotaur Abyssal Knight)        Turns: 6553, Time: 00:08:13

Health: -4/63      AC:  3    Str: 19    XL:     7   Next: 75%
Magic:  7/7        EV: 12    Int:  9    God:    Lugonu [**....]
Gold:   1014       SH:  0    Dex:  9    Spells: 6/6 levels left

rFire   . . .      SeeInvis .   a - +3 spear
rCold   . . .      Faith    .   (no shield)
rNeg    . . .      Spirit   .   b - +0 leather armour
rPois   .          Reflect  .   (helmet restricted)
rElec   .          Harm     .   (no cloak)
rCorr   .          Rampage  .   (no gloves)
Will    .....                   (no boots)
Stlth   +.........              (no amulet)
HPRegen 0.20/turn               (no ring)
MPRegen 0.10/turn               (no ring)

@: flying
A: horns 2, retaliatory headbutt
a: Renounce Religion, Depart the Abyss, Bend Space


You were on level 5 of the Dungeon.
You worshipped Lugonu.
Lugonu was pleased with you.
You visited 1 branch of the dungeon, and saw 5 of its levels.
You visited the Abyss 1 time.

You collected 1014 gold pieces.

Inventory:

Hand Weapons
 a - a +3 spear (weapon)
Armour
 b - a +0 leather armour (worn)
Jewellery
 i - a ring of protection from fire
Potions
 c - a potion of curing {unknown}
 d - a potion of degeneration {unknown}
 h - a potion of brilliance {unknown}


   Skills:
 + Level 6.0 Fighting
 + Level 7.1 Polearms
 + Level 5.2 Armour
 + Level 3.6 Dodging
 + Level 1.2 Stealth
 + Level 1.8 Invocations


You had 6 spell levels left.
You didn't know any spells.
Your spell library was empty.

Dungeon Overview and Level Annotations

Branches:
Dungeon (5/15)             Temple (0/1) D:5

Altars:

Annotations:
D:3 1 runed translucent door, HuGe's ghost, amateur HuBe
D:5 Pikel


Innate Abilities, Weirdness & Mutations

You have a pair of horns on your head.
You reflexively headbutt those who attack you in melee.


Message History

Pikel closely misses you. You furiously retaliate!
You headbutt Pikel. You hit the lemure.
You headbutt the lemure, but do no damage.
The lemure is almost dead.
The lemure hits you.
Pikel hits you with a +0 whip of flaming.
Pikel burns you. The lemure hits you. The lemure hits you but does no damage.
You hit the lemure.
The lemure is almost dead.
You hit the lemure.
You kill the lemure!
That felt strangely unrewarding.
The lemure hits you.
Pikel hits you with a +0 whip of flaming.
Pikel burns you. The lemure hits you but does no damage.
You hit Pikel.
Pikel is moderately wounded.
The lemure barely misses you.
Pikel hits you with a +0 whip of flaming!
Pikel burns you. The lemure hits you.
* * * LOW HITPOINT WARNING * * *
You are too injured to fight recklessly!
You are too injured to fight recklessly!
You are too injured to fight recklessly!
You are too injured to fight recklessly!
You are too injured to fight recklessly!
You are too injured to fight recklessly!
As you read the scroll labelled GIWNEB ADOEST, it crumbles to dust.
You feel aware of your surroundings.
You sensed 2 altars.
It was a scroll of magic mapping.
The lemure closely misses you.
Pikel hits you with a +0 whip of flaming.
* * * LOW HITPOINT WARNING * * *
Pikel burns you.
* * * LOW HITPOINT WARNING * * *
The lemure hits you but does no damage.
You feel very buoyant.
You fly up into the air.
The lemure hits you but does no damage. The lemure hits you!
* * * LOW HITPOINT WARNING * * *
Pikel hits you with a +0 whip of flaming!
You die...

*** *** *,** **,* ##,,** **
**,,**#..,,*### ********, *
**,,,,*#...###.### *,,,,,,,,
***,,,,,,..........### *,,*****,
,***,,,,,......K.....## *,**,,,**
***,,,,,,.....55@.....# *,*,,≈,,*
*,,,,,,,,......5#.#...##*.#,≈≈≈,*
*,,,,,*,,......#.#.#...#*.#,≈≈≈,*
,...,,***#....#.#.#.#..#*.#,≈≈≈,*
*>.,,,,**#.....#.>.#...##.#,,≈,,*
#.#*,,,,,.....#.#.#.#.....##,,,**
..#*,,,,,...#..#.#.#.......#,,,*,
..##*,.,,..##...#.#........##,**,
...#...,,,,##.........#.....#.#,,


You could see Pikel and 3 lemures.

Vanquished Creatures
  A black bear (D:4)
  An ogre (D:3)
  A lemure (D:5)
  4 scorpions
  A centaur zombie (D:5)
  2 orc priests (D:5)
  2 hounds
  A jelly (D:4)
  Terence (D:2)
  A scorpion zombie (D:5)
  3 iguanas
  An orc wizard (D:5)
  8 adders
  An ufetubus (D:5)
  A worm (D:4)
  12 orcs
  3 endoplasms
  3 giant cockroaches
  5 goblins
  8 hobgoblins
  A quokka (D:1)
  5 ball pythons
  4 bats
  2 frilled lizards (D:1)
  4 kobolds
  8 rats
84 creatures vanquished.

Vanquished Creatures (others)
  An orc (D:5)
  2 fungi (D:1)
3 creatures vanquished.

Grand Total: 87 creatures vanquished

Notes
Turn   | Place    | Note
-------+----------+-------------------------------------------
     0 | Abyss:1  | aSlayers the Minotaur Abyssal Knight began the quest for
                  | the Orb.
     0 | Abyss:1  | Reached XP level 1. HP: 19/19 MP: 1/1
     0 | D:1      | Escaped the Abyss
   463 | D:1      | Reached * piety under Lugonu
   498 | D:1      | Reached XP level 2. HP: 27/27 MP: 2/2
   614 | D:1      | Reached skill level 3 in Polearms
   771 | D:1      | Found a faded altar of an unknown god.
  1482 | D:2      | Reached XP level 3. HP: 33/33 MP: 3/3
  1887 | D:2      | Reached skill level 4 in Polearms
  1887 | D:2      | Reached XP level 4. HP: 41/41 MP: 4/4
  2148 | D:2      | Noticed Terence
  2163 | D:2      | Killed Terence
  2500 | D:3      | Reached XP level 5. HP: 37/47 MP: 5/5
  2769 | D:3      | Reached skill level 5 in Polearms
  2770 | D:3      | Identified a scroll of acquirement
  2770 | D:3      | Acquired 863 gold pieces
  2774 | D:3      | HP: 2/47 [poisoned by a scorpion]
  3406 | D:3      | Found a runed translucent door.
  3411 | D:3      | Noticed HuGe's ghost (amateur HuBe)
  3668 | D:3      | Noticed an ogre
  3675 | D:3      | Killed an ogre
  3676 | D:3      | Reached XP level 6. HP: 55/55 MP: 6/6
  3745 | D:4      | Reached skill level 5 in Fighting
  4026 | D:4      | Reached ** piety under Lugonu
  4027 | D:4      | Reached skill level 6 in Polearms
  4887 | D:5      | Entered Level 5 of the Dungeon
  4887 | D:5      | Noticed Pikel
  5192 | D:5      | Reached XP level 7. HP: 35/61 MP: 7/7
  5424 | D:5      | Reached skill level 5 in Armour
  6140 | D:5      | Reached skill level 1 in Stealth
  6325 | D:5      | Reached skill level 7 in Polearms
  6530 | D:5      | Found a staircase to the Ecumenical Temple.
  6553 | D:5      | Slain by Pikel

Illustrated notes

Levels and vault maps discovered:
D:1:      ncdulo_watergridlock, layout_basic, shapermc_ecumenical_altar_gd,
          hangedman_abyss_or_decor_lesser_grid, minmay_misc_feat_plants,
          chequers_serial_rivers_marsh, chequers_serial_rivers_small_b
D:2:      minmay_skewed_foursquare, layout_loops_ring, uniq_terence
D:3:      layout_basic, ebering_ghost_reflecting_pool
D:4:      layout_basic
D:5:      layout_cave_pools, amethyst_overflow_temple_binary,
          minmay_temple_entry_grid, minmay_splitting_lines,
          minmay_fire_ice_demons, uniq_pikel, uniq_menkaure,
          uniq_crazy_yiuf_cottage

Skill      XL: |  1  2  3  4  5  6  7 |
---------------+----------------------+-----
Polearms       | 3 4 5 6 7 |  7.1
Armour         | 3 4 5 |  5.2
Fighting       | 4 5 6 |  6.0
Dodging        | 2 3 |  3.6
Stealth        | 1 |  1.2
Invocations    | |  1.8

Action                   |  1- 3 |  4- 6 |  7- 9 || total
-------------------------+-------+-------+-------++-------
Melee: Spear             |    95 |   138 |    87 ||   320
       Headbutt          |     4 |    16 |    11 ||    31
Invok: Depart the Abyss  |     1 |       |       ||     1
  Use: Scroll            |       |     6 |     3 ||     9
       Potion            |       |       |     2 ||     2
 Stab: Invisible         |       |       |     1 ||     1
Armor: Leather armour    |    15 |    16 |    16 ||    47
Dodge: Dodged            |    35 |    68 |    55 ||   158

Table legend: (Time is in decaauts)
 A = Elapsed time spent in this place.
 B = Non-inter-level travel time spent in this place.
 C = Inter-level travel time spent in this place.
 D = Time resting spent in this place.
 E = Time spent auto-exploring this place.
 F = Levels seen in this place.
 G = Mean time per level.
                   A        B        C        D        E       F      G
               +--------+--------+--------+--------+--------+-----+--------+
         Total |   6509 |   6509 |      0 |    619 |   4834 |   6 | 1084.8 |
       Dungeon |   6509 |   6509 |      0 |    619 |   4834 |   5 | 1301.8 |
         Abyss |      0 |      0 |      0 |      0 |      0 |   1 |    0.0 |
               +--------+--------+--------+--------+--------+-----+--------+

Top non-repeatable levels by time:
     D:4: 1646 daAuts
     D:1: 1401 daAuts
     D:3: 1229 daAuts
     D:5: 1194 daAuts
     D:2: 1037 daAuts
